Map: [ESL] Oceanborn

Players

Lambo - Winner!

  • Race: Zerg Zerg
  • Spawn Location: 11:00

Geralt (Gerald)

  • Race: Protoss Protoss
  • League: Master
  • Spawn Location: 5:00

Event: Bellum Gens Elite Stara Zagora 2024

VOD

Have the link to the VOD?

Description

Time

  • Played on: Sept. 5, 2024, 8:12 a.m.
  • Length: 8:59

All games in this series

Show
View Real Time Build Order
Export as new Build Order

Lambo Zerg - Winner!

Build Orders: Hatch First 

Get SALT Encoding   

  12  0:00  Drone  
  13  0:12  Overlord  
  13  0:17  Drone  
  14  0:30  Drone x2  
  16  0:48  Hatchery  
  15  0:51  Drone  
  15  0:54  Drone  
  17  0:57  Drone  
  18  1:08  Extractor  
  17  1:12  Spawning Pool  
  17  1:18  Drone  
  17  1:19  Drone  
  18  1:27  Drone  
  19  1:38  Drone  
  20  1:51  Drone  
  21  1:59  Queen x2  
  21  2:00  Zergling x2  
  21  2:01  Overlord  
  26  2:10  Metabolic Boost  
  26  2:12  Zergling x2  
  26  2:13  Drone  
  28  2:22  Drone x2  
  30  2:33  Drone x2  
  32  2:41  Hatchery  
  31  2:46  Queen  
  31  2:49  Overlord  
  33  2:52  Drone  
  33  2:56  Zergling x2  
  35  3:01  Drone  
  36  3:07  Queen  
  36  3:09  Zergling x2  
  36  3:10  Drone x3  
  36  3:11  Zergling x2  
  43  3:15  Overlord  
  43  3:21  Drone  
  43  3:33  Queen, Overlord  
  45  3:35  Drone x4  
  45  3:40  Spore Crawler  
  48  3:41  Drone x2  
  48  3:47  Zergling x2  
  51  3:48  Overlord  
  51  3:50  Queen  
  51  3:54  Overlord  
  53  3:56  Zergling x2  
  53  3:59  Drone x2  
  56  4:05  Drone x3  
  56  4:07  Drone  
  56  4:09  Drone x2  
  62  4:16  Drone  
  63  4:18  Drone  
  63  4:24  Drone x4  
  68  4:25  Drone  
  68  4:28  Spore Crawler  
  68  4:32  Drone x3  
  68  4:34  Zergling x2  
  68  4:38  Drone, Roach Warren  
  73  4:43  Overlord  
  72  4:46  Drone  
  72  4:47  Drone  
  74  4:55  Drone  
  74  4:56  Evolution Chamber  
  74  4:57  Drone  
  74  4:58  Drone x4, Hatchery  
  78  5:00  Overlord  
  78  5:02  Spore Crawler  
  78  5:03  Drone  
  78  5:05  Zergling x2  
  79  5:08  Lair  
  79  5:10  Zergling x6  
  79  5:13  Drone  
  83  5:14  Extractor x2  
  83  5:18  Zergling x4  
  83  5:20  Drone x3  
  85  5:25  Drone  
  85  5:27  Zerg Melee Weapons Level 1  
  86  5:29  Drone x3  
  86  5:32  Drone x4  
  86  5:34  Drone  
  86  5:35  Extractor  
  93  5:41  Drone  
  93  5:42  Overlord  
  94  5:43  Extractor  
  94  5:44  Zergling x6  
  95  5:52  Drone  
  95  5:56  Zergling x6  
  98  5:57  Overlord x2  
  98  6:01  Overlord  
  98  6:08  Zergling x10  
  102  6:11  Glial Reconstitution  
  102  6:12  Hatchery  
  102  6:14  Overseer, Baneling Nest  
  102  6:16  Zergling x8  
  104  6:21  Zergling x8  
  104  6:24  Zergling x6  
  108  6:33  Zergling x2  
  108  6:34  Zergling x10  
  108  6:35  Infestation Pit  
  108  6:37  Roach  
  113  6:40  Roach  
  113  6:41  Roach x3  
  113  6:43  Roach  
  125  6:47  Roach x2  
  125  6:53  Zergling x12  
  132  6:59  Roach  
  132  7:01  Overlord  
  134  7:02  Centrifugal Hooks, Overlord  
  132  7:10  Zergling x8  
  133  7:15  Overlord x2  
  133  7:16  Overlord x5  
  133  7:19  Overlord  
  133  7:21  Overlord  
  133  7:24  Spore Crawler  
  133  7:25  Roach x6  
  133  7:28  Roach x2  
  148  7:30  Zergling x2  
  148  7:35  Roach x5  
  159  7:41  Zergling x2  
  159  7:42  Zergling x6  
  159  7:46  Ravager  
  159  7:47  Baneling x13  
  159  7:48  Zergling x10  
  165  7:53  Roach x4  
  165  7:54  Zergling x2  
  165  7:58  Zergling x8  
  168  8:06  Zergling x16  
  168  8:10  Zergling x4  
  172  8:15  Roach x4  
  164  8:24  Zergling x20  
  165  8:30  Zergling x2  
  165  8:31  Zergling x4  
  153  8:37  Roach x5  
  153  8:40  Zergling x4  
Show
View Real Time Build Order
Export as new Build Order

Geralt Protoss 

Build Orders: 1 Gate Expand, Oracle Opening 

Get SALT Encoding   

  12  0:00  Probe  
  13  0:12  Probe  
  14  0:19  Pylon  
  14  0:24  Probe  
  15  0:37  Probe (Chrono Boost)  
  15  0:41  Gateway  
  16  0:47  Probe (Chrono Boost)  
  17  0:50  Assimilator  
  17  0:52  Probe (Chrono Boost)  
  18  1:03  Probe  
  19  1:15  Probe  
  20  1:26  Nexus  
  20  1:29  Probe  
  21  1:39  Cybernetics Core  
  21  1:41  Probe  
  22  1:47  Assimilator  
  22  1:54  Pylon  
  22  1:55  Probe  
  23  2:12  Probe  
  23  2:13  Adept (Chrono Boost)  
  24  2:22  Stargate  
  26  2:24  Probe  
  27  2:33  Adept (Chrono Boost)  
  27  2:36  Probe  
  30  2:38  Warp Gate  
  30  2:39  Probe  
  31  2:48  Probe  
  33  2:51  Probe  
  33  2:55  Adept (Chrono Boost)  
  35  3:00  Probe  
  35  3:03  Probe  
  37  3:07  Oracle (Chrono Boost)  
  40  3:12  Probe  
  40  3:15  Probe  
  42  3:21  Gateway  
  42  3:25  Probe  
  43  3:27  Gateway, Probe  
  43  3:28  Pylon  
  44  3:34  Pylon  
  44  3:37  Probe  
  44  3:39  Probe  
  46  3:44  Oracle (Chrono Boost)  
  49  3:49  Probe  
  50  3:56  Nexus  
  50  3:58  Probe  
  50  4:01  Probe  
  52  4:05  Gateway  
  52  4:09  Gateway  
  52  4:10  Probe  
  52  4:13  Probe  
  54  4:22  Probe  
  55  4:25  Probe  
  55  4:27  Twilight Council  
  55  4:30  Assimilator  
  56  4:34  Probe  
  56  4:36  Pylon  
  56  4:37  Probe  
  58  4:40  Adept  
  58  4:41  Stalker  
  62  4:51  Forge  
  62  4:54  Probe x2  
  64  5:00  Pylon  
  64  5:04  Blink (Chrono Boost)  
  64  5:06  Probe x2  
  66  5:09  Stalker  
  68  5:15  Protoss Ground Weapons Level 1  
  68  5:18  Probe x2  
  68  5:19  Stalker x2  
  74  5:29  Probe  
  74  5:30  Probe x2  
  74  5:34  Gateway  
  77  5:35  Stalker x2  
  77  5:37  Gateway  
  77  5:38  Gateway  
  77  5:41  Probe  
  84  5:42  Probe x2  
  84  5:44  Assimilator  
  84  5:56  Probe  
  81  5:59  Stalker, Nexus  
  81  6:00  Pylon  
  83  6:07  Stalker x3, Probe  
  90  6:14  Probe  
  90  6:15  Pylon  
  90  6:16  Pylon  
  91  6:24  Probe  
  92  6:28  Probe  
  92  6:29  Probe  
  92  6:30  Stalker x4  
  99  6:40  Probe  
  99  6:46  Gateway x2  
  99  6:49  Charge (Chrono Boost)  
  99  6:50  Probe, Pylon  
  99  6:51  Probe  
  99  6:52  Probe  
  102  7:01  Stalker x5  
  106  7:04  Gateway  
  110  7:16  Zealot x2, Probe  
  110  7:18  Shield Battery  
  110  7:21  Probe  
  116  7:23  Shield Battery, Probe  
  116  7:26  Pylon  
  116  7:27  Zealot x3  
  116  7:28  Zealot x2, Probe x2  
  129  7:44  Stalker  
  131  7:51  Zealot x7  
  131  7:52  Zealot  
  131  7:56  Pylon  
  131  7:58  Pylon  
  147  7:59  Pylon  
  131  8:10  Templar Archives  
  127  8:13  Stalker x2  
  127  8:14  Stalker x2  
  127  8:16  Sentry x2  
  121  8:22  Zealot x2  
  121  8:23  Zealot x2  
  127  8:27  Probe  
  112  8:36  Probe  
  112  8:38  Zealot x4  
  103  8:43  Zealot x4  
  103  8:44  Zealot x3  
  103  8:46  Probe  
  106  8:52  Stalker x4  
Tags
 
Add a new tag
Caveats
  • Supply blocks, unpowered buildings, or Contaminate may cause inaccurate times.
  • Supply counts are checked every 10 seconds.